 Dungeon Crawl Stone Soup version 0.30-a0-626-gd6a5dd7a1f (webtiles) character file.

Game seed: 1104360421742915504

149 BaabKaare the Conjurer (level 5, -1/55 HPs)
             Began as a Human Conjurer on Jan 11, 2023.
             Slain by an orc
             ... wielding a +0 trident
              (5 damage)
             ... on level 3 of the Dungeon.
             The game lasted 00:09:45 (4925 turns).

BaabKaare the Conjurer (Human Conjurer)             Turns: 4925, Time: 00:09:46

Health: -1/55      AC: 22    Str:  6 (8)  XL:     5   Next: 56%
Magic:  0/9        EV:  2    Int: 18 (20) God:
Gold:   184        SH:  0    Dex:  9 (11) Spells: 6/9 levels left

rFire   + . .      SeeInvis +    (no weapon)
rCold   + . .      Faith    .    (no shield)
rNeg    . . .      Spirit   .    (body armour currently unavailable)
rPois   +          Reflect  .    (helmet currently unavailable)
rElec   +          Harm     .    (cloak currently unavailable)
rCorr   +          Rampage  .    (gloves currently unavailable)
Will    .....      NoTele   +    (boots currently unavailable)
Stlth   ++                       (no amulet)
HPRegen 0.29/turn                g - ring of see invisible
MPRegen 0.11/turn                (no ring)

@: mighty, brilliant, tree-form, resistant, very slightly contaminated
A: stationary, stasis, torment immunity, boosted hp
a: no special abilities


You were on level 3 of the Dungeon.
You were a tree.
You visited 1 branch of the dungeon, and saw 4 of its levels.

You collected 184 gold pieces.

Inventory:

Hand Weapons
 m - a +2 vampiric dagger
Armour
 a - a +0 robe (melded)
Jewellery
 g - a ring of see invisible (left branch)
Scrolls
 b - 2 scrolls of identify {unknown}
 e - a scroll of enchant armour {unknown}
 i - a scroll of noise {unknown}
 l - a scroll of acquirement {unknown}
Potions
 c - a potion of lignification
 d - 2 potions of flight
 j - a potion of might


   Skills:
 + Level 1.6 Fighting
 + Level 2.3 Dodging
 + Level 2.2 Stealth
 + Level 2.8 Spellcasting
 + Level 5.3 Conjurations


You had 6 spell levels left.
You knew the following spells:

 Your Spells              Type           Power      Damage    Failure   Level
a - Magic Dart            Conj           100%       1d8       1%          1
b - Searing Ray           Conj           64%        2d6       2%          2

Your spell library contained the following spells:

 Spells                   Type           Power      Damage    Failure   Level
 Sandblast                Erth           6%         2d5       17%         1
 Slow                     Hex            12%        N/A       17%         1
 Dazzling Flash           Conj/Hex       36%        N/A       17%         3
 Fulminant Prism          Conj/Hex       9%         3d7       50%         4
 Iskenderun's Mystic Bla  Conj/Tloc      18%        2d6       50%         4


Dungeon Overview and Level Annotations

Branches:
Dungeon (4/15)
 Temple: D:4-7

Altars:


Message History

Ijyb is severely wounded.
Ijyb hits you with a +0 club.
* * * LOW HITPOINT WARNING * * *
You smack Ijyb!
You kill Ijyb!
You feel your intelligence returning.
You smack the orc!
You kill the orc!
You cannot move.
You cannot move.
You cannot move.
You cannot move.
You cannot move.
You cannot move.
You cannot move.
The orc hits you but does no damage.
You are too injured to fight recklessly!
You are too injured to fight recklessly!
Casting: Magic Dart (safe; 1% risk of failure)
Confirm with . or Enter, or press ? or * to list all spells.
Aiming: Magic Dart (safe; 1% risk of failure)
Press: ? - help, Shift-Dir - straight line, f - orc
Aim: an orc, wielding a +0 trident and wearing a +0 ring mail (100% to hit)
You feel a surge of power!
You miscast Magic Dart.
You are very lightly contaminated with residual magic.
Nothing appears to happen.
The orc hits you but does no damage.
You are too injured to fight recklessly!
Casting: Magic Dart (safe; 1% risk of failure)
Confirm with . or Enter, or press ? or * to list all spells.
You don't know that spell.
Sorry, you're not good enough to have a special ability.
Casting: Magic Dart (safe; 1% risk of failure)
Confirm with . or Enter, or press ? or * to list all spells.
You don't have enough magic to cast this spell.
Casting: Magic Dart (safe; 1% risk of failure)
Confirm with . or Enter, or press ? or * to list all spells.
You don't have enough magic to cast this spell.
Unknown command.
The orc hits you from afar with a +0 trident.
You die...

#o.g.....#...... ..
##o######.# #.# #o# #.#
#.# #.# #.### #.# #.#
#...# #.# #.# ###.# #.#
#.# #.# #.########.####
#.#
#......♣)o#...#####.#
#.###.####.##.......#
#.#######...#.#
############
#........##.#.#
########.##.#.#
############## #.##.#.#
#..........>.# #.##.#.#
#.###....>...#
#.##.#.###.###.#####..#
#########..#.#.#.....#.#
#..###


You could see an orc.

Vanquished Creatures
  Ijyb (D:3)
  Jessica (D:2)
  An orc wizard (D:3)
  2 adders (D:2)
  3 dart slugs
  3 orcs (D:3)
  6 endoplasms
  3 giant cockroaches
  4 goblins
  5 hobgoblins
  A jackal (D:1)
  A kobold (D:1)
  7 ball pythons
  5 bats
  A frilled lizard (D:1)
  2 rats
46 creatures vanquished.

Notes
Turn   | Place    | Note
-------+----------+-------------------------------------------
     0 | D:1      | BaabKaare the Human Conjurer began the quest for the Orb.
     0 | D:1      | Reached XP level 1. HP: 13/13 MP: 3/3
   471 | D:1      | Reached XP level 2. HP: 8/19 MP: 5/5
   475 | D:1      | Learned a level 2 spell: Searing Ray
  1377 | D:1      | Found a faded altar of an unknown god.
  1408 | D:1      | Got The Histories of Mysteries, Part One
  1453 | D:1      | Reached XP level 3. HP: 24/24 MP: 1/6
  2487 | D:2      | Reached XP level 4. HP: 30/30 MP: 4/7
  3156 | D:3      | Reached skill level 5 in Conjurations
  3499 | D:4      | Noticed an ogre
  4482 | D:2      | Noticed Jessica
  4486 | D:2      | Killed Jessica
  4882 | D:3      | Noticed Ijyb
  4915 | D:3      | Reached skill level 1 in Fighting
  4915 | D:3      | Reached XP level 5. HP: 7/37 MP: 1/9
  4920 | D:3      | HP: 2/55 [Ijyb/+0 club (4)]
  4921 | D:3      | Killed Ijyb
  4925 | D:3      | Slain by an orc

Illustrated notes

Levels and vault maps discovered:
D:1:      zelgadis_glass_arrival_small, layout_basic,
          hellmonk_ecumenical_altar_inner_sanctum, minmay_tall_x
D:2:      layout_loops_corners, uniq_jessica
D:3:      layout_loops_ring, okawaru_altar_gauntlet_db, serial_glass,
          glass_columns_a, glass_columns_b, uniq_ijyb
D:4:      layout_cave_pools, serial_shops, shop, nicolae_shop_hallway_plus,
          shop, shop, gup_sewer_entry_pipe, uniq_eustachio

Skill      XL: |  1  2  3  4 |
---------------+-------------+-----
Conjurations   | 5 |  5.3
Fighting       | 1 |  1.6
Dodging        | |  2.3
Stealth        | |  2.2
Spellcasting   | |  2.8

Action                   |  1- 3 |  4- 6 || total
-------------------------+-------+-------++-------
Melee: Unarmed           |       |    10 ||    10
 Cast: Magic Dart        |    56 |    41 ||    97
       Searing Ray       |     1 |     3 ||     4
  Use: Potion            |     1 |     6 ||     7
Armor: Robe              |     8 |     4 ||    12
       Skin              |       |    12 ||    12
Dodge: Dodged            |    31 |    16 ||    47

Table legend: (Time is in decaauts)
 A = Elapsed time spent in this place.
 B = Non-inter-level travel time spent in this place.
 C = Inter-level travel time spent in this place.
 D = Time resting spent in this place.
 E = Time spent auto-exploring this place.
 F = Levels seen in this place.
 G = Mean time per level.
                   A        B        C        D        E       F      G
               +--------+--------+--------+--------+--------+-----+--------+
         Total |   4926 |   4877 |     49 |   2886 |   1391 |   4 | 1231.5 |
       Dungeon |   4926 |   4877 |     49 |   2886 |   1391 |   4 | 1231.5 |
               +--------+--------+--------+--------+--------+-----+--------+

Top non-repeatable levels by time:
     D:2: 2615 daAuts
     D:1: 1363 daAuts
     D:3: 925 daAuts
     D:4: 23 daAuts
